 Dungeon Sprint DCSS version 0.23.1 (webtiles) character file.

Game seed: 4149736225461257055

205 nuthulu the Blocker (level 6, -3/39 HPs)
             Began as a Gargoyle Fighter on Mar 14, 2019.
             Was an Elder of Qazlal.
             Slain by a four-headed hydra (12 damage)
             ... summoned by a witch
             ... in the Dungeon (Sprint VI: "Thunderdome").
             The game lasted 00:03:19 (507 turns).

nuthulu the Blocker (Gargoyle Fighter)               Turns: 507, Time: 00:03:20

Health: -3/39      AC: 11    Str: 27    XL:     6   Next: 64%
Magic:  6/6        EV: 12    Int:  6    God:    Qazlal [****..]
Gold:   170        SH: 19    Dex: 18    Spells: 5/5 levels left

rFire    + + +     SeeInvis +   a - +0 flail
rCold    . . .     Gourm    +   c - +0 shield
rNeg     + . .     Faith    .   b - +0 scale mail
rPois    ∞         Spirit   .   (no helmet)
rElec    +         Reflect  .   (no cloak)
rCorr    .         Harm     .   (no gloves)
MR       .....     NoTele   +   (no boots)
Stlth    ..........             s - amulet "Xoeruz" {Gourm Dex+2}
HPRegen  0.13/turn              d - ring of Ufisch Veteh {rF++ Str+5 Dex+4 SInv}
MPRegen  0.10/turn              r - ring of Mayskuv {rF+++ EV+3 Int-2 Dex+3}

@: repel missiles
A: negative energy resistance 1, electricity resistance, unbreathing,
petrification resistance, rot immunity, AC +4
a: Upheaval, Elemental Force, Renounce Religion


You were in the Dungeon.
You worshipped Qazlal.
Qazlal was greatly pleased with you.
You were not hungry.

You visited 1 branch You collected 500 gold pieces.
You spent 330 gold pieces at shops.

Inventory:

Hand Weapons
 a - a +0 flail (weapon)
Armour
 b - a +0 scale mail (worn)
 c - a +0 shield (worn)
Jewellery
 d - the ring of Ufisch Veteh (left hand) {rF++ Str+5 Dex+4 SInv}
   (You bought it in a shop in the Dungeon)

   [ring of strength]

   It affects your strength (+5).
   It affects your dexterity (+4).
   It greatly protects you from fire.
   It lets you see invisible.
 p - the amulet "Deng" {Inacc *Slow Str+3 SInv}
   (You bought it in a shop in the Dungeon)

   [amulet of inaccuracy]

   It reduces the accuracy of all your attacks.
   It affects your strength (+3).
   It lets you see invisible.
   It may slow you when you take damage.
 q - the ring "Neda" {Wiz Dex+4}
   (You bought it in a shop in the Dungeon)

   [ring of wizardry]

   It improves your spell success rate.
   It affects your dexterity (+4).
 r - the ring of Mayskuv (right hand) {rF+++ EV+3 Int-2 Dex+3}
   (You bought it in a shop in the Dungeon)

   [ring of evasion]

   It affects your evasion (+3).
   It affects your intelligence (-2).
   It affects your dexterity (+3).
   It renders you almost immune to fire.
 s - the amulet "Xoeruz" (around neck) {Gourm Dex+2}
   (You bought it in a shop in the Dungeon)

   [amulet of the gourmand]

   It allows you to eat raw meat even when not hungry.
   It affects your dexterity (+2).
Wands
 l - a wand of acid (4)
 m - a wand of iceblast (5)
Scrolls
 k - 4 scrolls of blinking
 n - 3 scrolls of fog
Potions
 e - a potion of curing
 g - 5 potions of heal wounds
 h - 4 potions of haste
 i - 2 potions of magic
 j - a potion of berserk rage
 o - a potion of resistance
Comestibles
 f - a ration


   Skills:
 - Level 4.7 Fighting
 + Level 9.4 Maces & Flails
 - Level 4.7 Armour
 + Level 10.4 Shields
 + Level 0.0 Invocations


You had 5 spell levels left.
You didn't know any spells.
Your spell library was empty.

Dungeon Overview and Level Annotations

Branches:
Dungeon (1/1)

Altars:
Cheibriados
Dithmenos
Fedhas
Gozag
Kikubaaqudgha
Makhleb
Okawaru
Qazlal
Ru
Sif Muna
Trog
Uskayaw
Vehumet
Wu Jian
Xom
Yredelemnul
Zin
The Shining One
Beogh
Jiyva
Lugonu

Shops:
D *[%??*?*:[((!!!!


Innate Abilities, Weirdness & Mutations

You are resistant to torment.
Your stone body is resilient. (AC +4)
You are immune to poison.
You resist negative energy. (rN+)
You are resistant to electric shocks. (rElec)
You can survive without breathing.
You are immune to petrification.
You are immune to rotting.


Message History

The four-headed hydra bites you but does no damage.
The four-headed hydra bites you. x2
The four-headed hydra bites you but does no damage.
You barely miss the witch.
The witch is almost dead.
The witch is engulfed in noxious fumes.
You block the witch's attack.
You block the four-headed hydra's attack.
The four-headed hydra bites you but does no damage.
The four-headed hydra completely misses you.
The four-headed hydra bites you.
You miss the witch.
The witch is almost dead.
The witch is engulfed in noxious fumes.
The witch appears confused.
You block the four-headed hydra's attack.
The four-headed hydra bites you! The four-headed hydra bites you.
* * * LOW HITPOINT WARNING * * *
You block the four-headed hydra's attack.
You block the four-headed hydra's attack. x2
The four-headed hydra bites you!
You die...

##### ##⌠⌠⌠## #.....#
##.....## ##∩.☼.°○∩##
#∩...°@D○∩# #_..○D°p._#
#_...°°...# #_....§°._#
###.........###
#⌠...........⌠#
######.8.%.......8.######
##∩_._......###......___∩##
###∩....%...8.#
#.8........∩###


You could see 2 four-headed hydras and a witch (confused).

Vanquished Creatures
  Grinder (D)
  2 scorpions (D)
  An iron imp (D)
  2 shadow imps (D)
  A white imp (D)
  A worm (D)
  2 giant cockroaches (D)
  9 kobolds (D)
19 creatures vanquished.

Vanquished Creatures (others)
  3 kobolds (D)
3 creatures vanquished.

Grand Total: 22 creatures vanquished

Notes
Turn   | Place    | Note
-------+----------+-------------------------------------------
     0 | D        | nuthulu the Gargoyle Fighter began the quest for the Orb.
     0 | D        | Reached XP level 1. HP: 14/14 MP: 1/1
     1 | D        | Found an opulent altar of Gozag.
     1 | D        | Found a blossoming altar of Fedhas.
     2 | D        | Found a deep blue altar of Sif Muna.
     3 | D        | Found a basalt altar of Yredelemnul.
     3 | D        | Found a hide-covered altar of Uskayaw.
     4 | D        | Found Xokkut's Delicious Food.
     4 | D        | Found a stormy altar of Qazlal.
     4 | D        | Found Vaugisid's Identification Station.
     5 | D        | Found Feaqoczy's Jewellery.
     5 | D        | Found Fumye's Advanced Armour.
     5 | D        | Round 1.
    13 | D        | Bought a scintillating amethyst amulet for 45 gold pieces
    13 | D        | Bought a slimy platinum ring for 45 gold pieces
    13 | D        | Bought a warped granite ring for 45 gold pieces
    13 | D        | Identified the amulet "Deng" {Inacc *Slow Str+3 SInv} (You
                  | bought it in a shop in the Dungeon)
    15 | D        | Identified the ring "Neda" {Wiz Dex+4} (You bought it in a
                  | shop in the Dungeon)
    16 | D        | Identified the ring of Mayskuv {rF+++ EV+3 Int-2 Dex+3}
                  | (You bought it in a shop in the Dungeon)
    24 | D        | Became a worshipper of Qazlal Stormbringer
    27 | D        | Found a glowing golden altar of the Shining One.
    30 | D        | Noticed a crimson imp
    32 | D        | Bought a clouded platinum amulet for 45 gold pieces
    32 | D        | Identified the amulet "Xoeruz" {Gourm Dex+2} (You bought it
                  | in a shop in the Dungeon)
    39 | D        | Noticed an iron imp
    40 | D        | Found a burning altar of Makhleb.
    43 | D        | Found a roughly hewn altar of Beogh.
    43 | D        | Found a radiant altar of Vehumet.
    43 | D        | Found Zoaxtu's Magic Scroll Shop.
    43 | D        | Found Pum Deuny's Staff Store.
    44 | D        | Found Okigeo's Magic Scroll Shop.
    44 | D        | Found Pyfem's Must-Have Magic.
    47 | D        | Killed an iron imp
    47 | D        | Reached skill level 4 in Shields
    47 | D        | Reached XP level 2. HP: 11/20 MP: 2/2
    47 | D        | Reached XP level 3. HP: 13/24 MP: 3/3
    62 | D        | Found an ancient bone altar of Kikubaaqudgha.
    63 | D        | Found a shadowy altar of Dithmenos.
    70 | D        | Noticed Grinder
    88 | D        | Paralysed by Grinder for 4 turns
    98 | D        | Killed Grinder
    98 | D        | Reached * piety under Qazlal
    98 | D        | Reached skill level 9 in Shields
    98 | D        | Reached XP level 4. HP: 11/30 MP: 4/4
    98 | D        | Reached XP level 5. HP: 12/34 MP: 5/5
    98 | D        | Reached XP level 6. HP: 14/39 MP: 6/6
   112 | D        | Reached ** piety under Qazlal
   123 | D        | Arena points: 6 (+6) [x1]
   138 | D        | Round 2.
   163 | D        | Reached skill level 10 in Shields
   171 | D        | Reached *** piety under Qazlal
   185 | D        | Arena points: 30 (+24) [x2]
   239 | D        | Round 3.
   242 | D        | Found a bloodstained altar of Trog.
   268 | D        | Found an ornate altar of the Wu Jian Council.
   269 | D        | Found Houskiuz's Premium Goods.
   270 | D        | Found Uxzimi's Miscellaneous Merchandise.
   270 | D        | Found Geher's Basic Armour.
   271 | D        | Found a glowing silver altar of Zin.
   271 | D        | Found a snail-covered altar of Cheibriados.
   271 | D        | Found a corrupted altar of Lugonu.
   271 | D        | Found Yfup's Weapon Rack.
   277 | D        | Found an iron altar of Okawaru.
   278 | D        | Found a shimmering altar of Xom.
   279 | D        | Found a viscous altar of Jiyva.
   280 | D        | Found Zech's Do-It-Yourself Clinic.
   281 | D        | Found Nopeotee's Bottled Wisdom.
   281 | D        | Found Uthaurph's Distillery.
   281 | D        | Found a sacrificial altar of Ru.
   281 | D        | Found Bopaqic's Distillery.
   285 | D        | Reached **** piety under Qazlal
   285 | D        | Arena points: 93 (+63) [x3]
   300 | D        | Bought 3 potions of heal wounds for 105 gold pieces
   323 | D        | Round 4.
   387 | D        | Arena points: 205 (+112) [x4]
   409 | D        | Bought a flickering turquoise ring for 45 gold pieces
   410 | D        | Identified the ring of Ufisch Veteh {rF++ Str+5 Dex+4 SInv}
                  | (You bought it in a shop in the Dungeon)
   463 | D        | Round 5.
   474 | D        | Noticed a witch
   503 | D        | Noticed a four-headed hydra
   504 | D        | Noticed a four-headed hydra
   507 | D        | Slain by a four-headed hydra

Skill      XL: |  1  2  3  4  5  6 |
---------------+-------------------+-----
Fighting       | 4 |  4.7
Maces & Flails | 3 8 9 |  9.4
Armour         | 4 |  4.7
Shields        | 4 9 10 | 10.4

Action                   |  1- 3 |  4- 6 || total
-------------------------+-------+-------++-------
Melee: Flail             |    33 |    65 ||    98
Evoke: Wand              |       |     1 ||     1
  Use: Potion            |     2 |     1 ||     3
  Eat: Chunk             |       |     2 ||     2
Armor: Scale mail        |    17 |    18 ||    35
Dodge: Dodged            |     9 |    17 ||    26
Block: Shield            |    17 |    64 ||    81
